 Dungeon Crawl Stone Soup version 0.30.1-3-gfc49f6343a (webtiles) character file.

Game seed: 4774478171474614848

115847 KyoPewz the Impaler (level 17, -5/133 HPs)
             Began as a Human Fighter on Aug 6, 2023.
             Was a Follower of Yredelemnul.
             Slain by a naga mage
             ... wielding a +0 halberd
              (15 damage)
             ... on level 1 of the Snake Pit.
             The game lasted 02:20:44 (29734 turns).

KyoPewz the Impaler (Human Fighter)                Turns: 29734, Time: 02:20:45

Health: -5/133     AC: 24    Str: 22    XL:     17   Next: 24%
Magic:  3/24       EV: 15    Int: 16    God:    Yredelemnul [*.....]
Gold:   160        SH:  6    Dex: 13    Spells: 14/26 levels left

rFire   + + .        O - +3 trident (venom)
rCold   . . .        c - +0 buckler
rNeg    + . .        Y - +0 chain mail of Ofao {Contam rF++ Regen+ Int+2}
rPois   +            U - +2 helmet
rElec   +            J - +2 cloak {Will+}
rCorr   .            x - +2 pair of gloves
SInv    .            f - +0 pair of boots
Will    ++...        F - amulet of the acrobat Stlth
                     Q - +5 ring of evasion
HPRegen 1.22/turn    u - ring of Ymmiduo {rElec rPois rN+ Int+3 Stlth+}
MPRegen 0.19/turn

%: acrobat
@: lethally poisoned (-5 -> -12), about to teleport, slowed, very slow
A: no striking features
a: Renounce Religion, Recall Undead Harvest


You were on level 1 of the Snake Pit.
You worshipped Yredelemnul.
Yredelemnul was aware of your devotion.
You visited 4 branches of the dungeon, and saw 23 of its levels.
You also visited: Sewer and Ice Cave.

You collected 2610 gold pieces.
You spent 2450 gold pieces at shops.

Inventory:

Hand Weapons
 O - a +3 trident of venom (weapon)
Missiles
 v - 27 poisoned darts
 C - a curare-tipped dart
 D - 5 javelins
 L - 2 throwing nets
 N - 13 boomerangs
Armour
 c - a +0 buckler (worn)
 f - a +0 pair of boots (worn)
 x - a +2 pair of gloves (worn)
 J - a +2 cloak of willpower (worn)
 U - a +2 helmet (worn)
 X - a +0 tower shield of protection
 Y - the +0 chain mail of Ofao (worn) {Contam rF++ Regen+ Int+2}
   (You bought it in a shop on level 2 of the Orcish Mines)

   Int:       It affects your intelligence (+2).
   rF:        It greatly protects you from fire.
   Contam:    It causes magical contamination when unequipped.
   Regen:     It increases your rate of health regeneration.
Jewellery
 b - a ring of willpower
 u - the ring of Ymmiduo (right hand) {rElec rPois rN+ Int+3 Stlth+}
   (You bought it in a shop on level 1 of the Orcish Mines)

   [ring of poison resistance]

   Int:       It affects your intelligence (+3).
   rElec:     It insulates you from electricity.
   rPois:     It protects you from poison.
   rN:        It protects you from negative energy.
   Stlth:     It makes you more stealthy.
 F - an amulet of the acrobat (around neck)
 I - a ring of protection from cold
 Q - a +5 ring of evasion (left hand)
 S - a ring of see invisible
Wands
 a - a wand of mindburst (18)
 k - a wand of acid (13)
 w - a wand of polymorph (7)
 H - a wand of paralysis (25)
 K - a wand of flame (57)
 M - a wand of roots (7)
Scrolls
 e - 2 scrolls of enchant weapon
 g - a scroll of amnesia (quivered)
 i - 9 scrolls of vulnerability
 m - a scroll of butterflies
 o - 4 scrolls of magic mapping
 r - 6 scrolls of identify
 t - 9 scrolls of teleportation
 y - 5 scrolls of poison
 z - a scroll of acquirement {unknown}
 B - 5 scrolls of blinking
 E - 5 scrolls of silence
 G - a scroll of torment
Potions
 d - 2 potions of might
 h - a potion of haste
 j - 3 potions of magic
 l - 8 potions of heal wounds
 n - 4 potions of resistance
 p - 4 potions of brilliance
 q - 11 potions of curing
 s - 10 potions of attraction
 A - 8 potions of mutation
 P - 2 potions of lignification
 R - 10 potions of ambrosia
 T - a potion of cancellation
 W - a potion of invisibility
Miscellaneous
 Z - a phantom mirror


   Skills:
 - Level 12.0 Fighting
 - Level 15.3 Polearms
 - Level 4.0 Throwing
 + Level 12.5 Armour
 - Level 5.0 Dodging
 + Level 7.3 Shields
 - Level 5.0 Spellcasting
 + Level 10.6 Translocations
 + Level 3.6 Air Magic
 - Level 10.0 Invocations
 - Level 8.5 Evocations


You had 14 spell levels left.
You knew the following spells:

 Your Spells              Type           Power      Damage    Failure   Level
a - Manifold Assault      Tloc           37%        N/A       10%         4
b - Blink                 Tloc           74%        N/A       1%          2
c - Teleport Other        Tloc           37%        N/A       3%          3
d - Gell's Gravitas       Tloc           37%        N/A       3%          3

Your spell library contained the following spells:

 Spells                   Type           Power      Damage    Failure   Level
 Lesser Beckoning         Tloc           74%        N/A       1%          2
 Vhi's Electric Charge    Tloc/Air       52%        N/A       13%         3
 Momentum Strike          Conj/Tloc      40%        3d9       14%         2
 Swiftness                Air            15%        N/A       47%         3
 Cigotuvi's Dreadful Rot  Necr/Pois/Air  14%        N/A       58%         2
 Freeze                   Ice            16%        1d4       61%         1
 Ensorcelled Hibernation  Hex/Ice        8%         N/A       75%         2
 Passwall                 Tmut/Erth      3%         N/A       75%         2
 Frozen Ramparts          Ice            8%         1d2       93%         3
 Hailstorm                Conj/Ice       4%         3d4       93%         3
 Ignite Poison            Fire/Tmut/Pois 4%         N/A       93%         3
 Ozocubu's Armour         Ice            4%         N/A       93%         3
 Spider Form              Tmut/Pois      4%         N/A       93%         3
 Stone Arrow              Conj/Erth      8%         3d7       93%         3
 Anguish                  Hex/Necr       2%         N/A       100%        4
 Animate Armour           Summ/Erth      8%         N/A       100%        4
 Sticky Flame             Conj/Fire      4%         2d3       100%        4
 Summon Ice Beast         Ice/Summ       4%         N/A       100%        4
 Arcjolt                  Conj/Air       4%         1d14      100%        5
 Freezing Cloud           Conj/Ice/Air   3%         6-21      100%        5
 Metabolic Englaciation   Hex/Ice        2%         N/A       100%        5
 Summon Mana Viper        Hex/Summ       4%         N/A       100%        5
 Plasma Beam              Fire/Air       4%         2x1d16    100%        6
 Malign Gateway           Summ/Tloc      10%        N/A       100%        7
 Monstrous Menagerie      Summ           2%         N/A       100%        7
 Storm Form               Tmut/Air       4%         N/A       100%        7
 Borgnjor's Revivificati  Necr           2%         N/A       100%        8
 Ignition                 Fire           2%         3d3       100%        8
 Lehudib's Crystal Spear  Conj/Erth      2%         10d2      100%        8
 Necromutation            Tmut/Necr      2%         N/A       100%        8
 Summon Horrible Things   Summ           2%         N/A       100%        8
 Death's Door             Necr           2%         N/A       100%        9
 Simulacrum               Ice/Necr       Unusable   N/A       N/A         6

Dungeon Overview and Level Annotations

Branches:
Dungeon (15/15)            Temple (0/1) D:5            Lair (5/5) D:9
  Swamp (0/4) Lair:2        Snake (1/4) Lair:2        Slime (0/5) Lair:4
    Orc (2/2) D:9             Elf (0/3) Orc:2        Vaults (0/5) D:14
 Depths (0/4) D:15          Sewer (visited)           IceCv (visited)

Altars:
Ashenzari
Cheibriados
Dithmenos
Elyvilon
Fedhas
Kikubaaqudgha
Makhleb
Qazlal
Ru
Sif Muna
Trog
Uskayaw
Xom
Yredelemnul
The Shining One
Jiyva

Shops:
D:1 *(:=*   D:6 *([=   D:10 [![   D:14 (   Orc:1 (=   Orc:2 (=[*

Annotations:
D:3 3 runed translucent doors, raetorn's ghost, amateur NaHu


Message History

You resist.
* * * LOW HITPOINT WARNING * * *
The naga mage points at the naga mage and mumbles some strange words.
The naga mage seems to grow toxic.
The guardian serpent casts a spell at you.
The naga mage blinks!
The naga blinks!
The naga mage blinks!
The naga sharpshooter blinks!
Your black mamba zombie bites the naga mage.
The naga sharpshooter shoots a bolt.
The bolt closely misses your black mamba zombie.
You block the bolt.
Your naga mage zombie hits the guardian serpent!
Your naga mage zombie constricts the guardian serpent.
Your black mamba zombie bites the naga mage!
The guardian serpent struggles to escape constriction.
The naga sharpshooter shoots a bolt.
The bolt misses your black mamba zombie.
The bolt hits you!
* * * LOW HITPOINT WARNING * * *
You take 17 damage, and have 16/133 hp.
You feel much better.
You feel extremely sick.
The naga sharpshooter no longer looks unusually toxic.
The naga sharpshooter looks more healthy.
Your black mamba zombie bites the naga mage.
The naga mage dies!
The dead are walking!
The naga mage spits poison at you.
The splash of poison hits you but does no damage.
You have difficulty breathing.
* * * LOW HITPOINT WARNING * * *
You feel as though you will be slow longer.
The guardian serpent escapes!
The naga sharpshooter shoots an arrow.
The arrow hits you!
* * * LOW HITPOINT WARNING * * *
The naga mage hits your black mamba zombie with a +0 club!!
Your black mamba zombie is destroyed!
The naga mage hits you with a +0 halberd!
You die...
Your body rises from the dead as a mindless zombie.

#......# #...##
###.....## ....
.#......## ....
Z#.##..##.. #.S.
.......#....##Z§#
#.............S§#
.......#.....N§N#
##....##......#S##
.........##...#)@######
#....##.# #..Z)NNN.##.#
...### .# ##.^......#.#
...# #........#.# [.##
##.......#Z# ...# # #
#.....#...# .#...#
##...##..#######
)###............ZZ.#####
.)###........#.###Z....#


You could see 2 naga sharpshooters, a guardian serpent, a black mamba, 2 naga
magi, a naga (strong, curare) and 2 friendly naga mage zombies.

Vanquished Creatures
  Agnes (D:15)
  A nagaraja (Snake:1)
  2 ettins (Orc:2)
  4 hydras
  An anaconda (Snake:1)
  2 two-headed ogres
  2 centaur warriors (D:15)
  2 boulder beetles
  2 naga warriors (Snake:1)
  7 death yaks
  An orc high priest (Orc:1)
  A naga sharpshooter (Snake:1)
  A shock serpent (Snake:1)
  A bog body (Lair:2)
  2 naga ritualists (Snake:1)
  A lindwurm (Lair:5)
  A fire giant zombie (D:15)
  2 orc sorcerers
  4 ugly things
  2 mana vipers (Snake:1)
  A manticore (shapeshifter) (D:13)
  2 deep elf pyromancers
  A wolf spider (D:14)
  3 cyclopes
  2 manticores
  A stone giant zombie (D:15)
  A salamander (Lair:2)
  11 elephants
  A centaur zombie (D:13)
  15 black mambas
  3 naga magi (Snake:1)
  2 ice statues (IceCv)
  7 cane toads
  A gargoyle (D:12)
  An unseen horror (D:10)
  Psyche (D:9)
  5 rime drakes
  3 komodo dragons
  An anaconda simulacrum (IceCv)
  4 trolls
  A polar bear (Lair:5)
  A hornet (D:10)
  15 blink frogs
  4 slime creatures
  7 wyverns
  A shadow (D:12)
  A steam dragon (D:8)
  A basilisk (shapeshifter) (D:15)
  26 yaks
  2 fire bats (Lair:3)
  A hog (D:15)
  A basilisk (Lair:5)
  3 wargs
  6 vampire mosquitoes
  Edmund (D:6)
  A hydra simulacrum (IceCv)
  A swamp worm (Lair:2)
  6 nagas (Snake:1)
  12 water moccasins
  Duvessa (D:5)
  2 ice beasts (D:6)
  10 orc warriors
  An ogre (Orc:1)
  2 black bears
  10 wolves
  3 centaurs
  2 phantoms
  3 kobold brigands
  11 bullfrogs
  4 scorpions
  Dowan (D:5)
  19 killer bees
  An elephant simulacrum (IceCv)
  5 electric eels
  2 howler monkeys
  A crimson imp (D:7)
  3 lava snakes (Lair:3)
  2 jellies
  5 hounds
  A sleepcap (D:4)
  12 orc priests
  An iron imp (D:8)
  A gnoll bouda (D:9)
  4 iguanas
  11 orc wizards
  A polar bear simulacrum (IceCv)
  6 adders
  7 gnolls
  A river rat (Sewer)
  5 worms
  A dart slug (D:2)
  49 orcs
  7 ball pythons
  12 endoplasms
  4 giant cockroaches
  5 goblins
  2 hobgoblins (D:3)
  2 jackals (D:2)
  6 quokkas
  2 bats (D:2)
  2 giant cockroach zombies (D:3)
  A goblin skeleton (D:6)
  2 goblin zombies (D:6)
  A hobgoblin zombie (D:6)
  16 kobolds
  2 kobold skeletons (D:6)
  3 kobold zombies (D:6)
  2 orc zombies (D:6)
  11 rats
465 creatures vanquished.

Vanquished Creatures (collateral kills)
  Kirke (D:15)
  Louise (D:14)
  A stone giant (Orc:2)
  A vault guard (D:14)
  4 anacondas (Snake:1)
  2 two-headed ogres
  4 centaur warriors
  6 death yaks (Lair:5)
  A tengu warrior (D:14)
  A deep troll shaman (Lair:5)
  A naga warrior (Snake:1)
  A boulder beetle (D:11)
  A naga sharpshooter (Snake:1)
  2 shock serpents (Snake:1)
  Urug (D:13)
  8 skeletal warriors
  2 bog bodies (Lair:2)
  A tengu zombie (D:15)
  2 mana vipers (Snake:1)
  A phantasmal warrior (D:15)
  An iron dragon zombie (D:15)
  A necromancer (D:15)
  8 ugly things
  A salamander (Snake:1)
  10 cyclopes
  2 elephants
  5 black mambas
  2 naga magi (Snake:1)
  A guardian serpent (Snake:1)
  3 cane toads
  A torpor snail (Lair:5)
  2 gargoyles
  13 centaur zombies (D:13)
  An unseen horror (D:12)
  2 tengu conjurers (D:14)
  7 komodo dragons
  A polar bear (Lair:1)
  A troll (D:11)
  A guardian mummy (D:15)
  A queen bee (Lair:1)
  4 blink frogs
  6 slime creatures
  A meliai zombie (D:13)
  A wraith (D:13)
  13 yaks
  3 hogs (D:15)
  A vampire (D:9)
  A fire bat (Lair:3)
  2 basilisks
  A wyvern (Lair:5)
  2 steam dragons
  12 vampire mosquitoes
  A swamp worm (Lair:2)
  3 nagas (Snake:1)
  4 water moccasins
  2 orc warriors
  A black bear (Lair:5)
  6 centaurs
  5 wolves (Lair:5)
  3 bullfrogs
  12 killer bees (Lair:1)
  An electric eel (Lair:2)
  A howler monkey (D:13)
  3 lava snakes
  A hound (D:4)
  A gnoll bouda (D:8)
  2 orc priests (Orc:2)
  An iron imp (D:6)
  An orc wizard (D:9)
  A gnoll (D:8)
  A worm (Sewer)
  4 orcs
  A ball python (Sewer)
  An endoplasm (D:2)
  A bat (D:3)
  3 kobolds
213 creatures vanquished.

Vanquished Creatures (others)
  A spectral guardian serpent (Snake:1)
  A spectral catoblepas (Lair:5)
  A spectral ettin (D:15)
  3 anaconda zombies (Snake:1)
  6 centaur zombies
  2 death yak zombies
  2 mana viper zombies (Snake:1)
  A guardian serpent zombie (Snake:1)
  A spectral cane toad (Lair:1)
  7 black mamba zombies (Snake:1)
  5 slime creature zombies
  2 human zombies (D:15)
  2 fire bat zombies (Lair:3)
  An orc warrior (Orc:1)
  3 blink frog zombies
  2 hog zombies (D:15)
  2 elephant zombies (Lair:3)
  4 vampire mosquito zombies
  3 komodo dragon zombies
  4 rime drake zombies
  A wyvern zombie (Lair:2)
  A warg zombie (Orc:2)
  7 water moccasin zombies
  7 yak zombies
  4 wolf zombies
  6 bullfrog zombies
  2 basilisk zombies
  A black bear zombie (D:5)
  An orc wizard (Orc:1)
  9 killer bee zombies
  7 naga zombies (Snake:1)
  2 hound zombies
  A howler monkey zombie (D:13)
  A steam dragon zombie (D:8)
  An adder zombie (D:5)
  An elf zombie (D:5)
  An iguana zombie (D:6)
  4 lava snake zombies (Lair:3)
  2 orcs (Orc:1)
  A bat zombie (D:3)
  5 gnoll zombies
  4 ball python zombies
  2 endoplasm zombies
  2 kobold zombies (Sewer)
  29 orc zombies
155 creatures vanquished.

Grand Total: 833 creatures vanquished

Notes
Turn   | Place    | Note
-------+----------+-------------------------------------------
     0 | D:1      | KyoPewz the Human Fighter began the quest for the Orb.
     0 | D:1      | Reached XP level 1. HP: 18/18 MP: 1/1
    46 | D:1      | Reached XP level 2. HP: 24/24 MP: 2/2
   110 | D:1      | Reached skill level 3 in Polearms
   137 | D:1      | Found Zasm's General Store.
   170 | D:1      | Found Uny Buej's Weapon Emporium.
   285 | D:1      | Found Zimameen's Jewellery Shoppe.
   304 | D:1      | Found Huecock's Book Boutique.
   350 | D:1      | Found Qauli Jael's General Store.
   457 | D:2      | Reached XP level 3. HP: 24/29 MP: 3/3
   541 | D:2      | You fall into a shaft and drop 1 floor!
   541 | D:3      | Found a faded altar of an unknown god.
   547 | D:3      | Prayed at the altar of an unknown god.
   547 | D:3      | Became a worshipper of Yredelemnul the Dark
   547 | D:3      | Reached * piety under Yredelemnul
   838 | D:3      | Reached skill level 4 in Polearms
   838 | D:3      | Reached XP level 4. HP: 35/35 MP: 4/4
   849 | D:3      | Found a glowing drain.
   860 | Sewer    | Entered a sewer
  1056 | Sewer    | Noticed a kobold brigand
  1070 | Sewer    | Killed a kobold brigand
  1071 | Sewer    | Reached skill level 5 in Polearms
  1071 | Sewer    | Reached XP level 5. HP: 41/41 MP: 5/5
  1229 | Sewer    | Reached ** piety under Yredelemnul
  1272 | Sewer    | Noticed a kobold brigand
  1302 | Sewer    | Killed a kobold brigand
  1303 | Sewer    | Reached skill level 6 in Polearms
  1303 | Sewer    | Reached XP level 6. HP: 47/47 MP: 6/6
  1473 | Sewer    | Reached *** piety under Yredelemnul
  1612 | D:3      | Found a white marble altar of Elyvilon.
  1827 | D:3      | Found a runed translucent gate.
  1827 | D:3      | Found a runed translucent gate.
  1827 | D:3      | Found a runed translucent gate.
  1827 | D:3      | Noticed raetorn's ghost (amateur NaHu)
  1829 | D:3      | Found a basalt altar of Yredelemnul.
  2066 | D:2      | Identified the +1 short sword "Ogrebane" {flame, Fragile
                  | rElec rPois Int+6}
  2709 | D:2      | Identified the +2 short sword "Hydrabane" {heavy, *Noise
                  | Str+2 Int+3 SInv}
  2880 | D:1      | Bought a potion of attraction for 30 gold pieces
  2880 | D:1      | Bought a scroll of teleportation for 30 gold pieces
  2880 | D:1      | Bought a potion of curing for 30 gold pieces
  3039 | D:4      | Found a broken altar of Ashenzari.
  3268 | D:4      | Found a hide-covered altar of Uskayaw.
  4180 | D:5      | Entered Level 5 of the Dungeon
  4208 | D:5      | Noticed a two-headed ogre
  4420 | D:5      | Reached skill level 7 in Polearms
  4420 | D:5      | Reached XP level 7. HP: 51/52 MP: 7/7
  4609 | D:5      | Found a blossoming altar of Fedhas.
  4740 | D:5      | Reached skill level 8 in Polearms
  4782 | D:5      | Noticed Dowan
  4783 | D:5      | Found a shimmering blue altar of Sif Muna.
  4795 | D:5      | Killed Dowan
  4797 | D:5      | Noticed Duvessa
  4801 | D:5      | Your ally Dowan died
  4814 | D:5      | Killed Duvessa
  4815 | D:5      | Reached XP level 8. HP: 18/58 MP: 8/8
  4984 | D:5      | Got Sif Muna's Vellum of Displacement
  4990 | D:5      | Found a bloodstained altar of Trog.
  5113 | D:5      | Found a staircase to the Ecumenical Temple.
  5187 | D:5      | Killed a two-headed ogre
  5188 | D:5      | Reached skill level 10 in Polearms
  5188 | D:5      | Reached XP level 9. HP: 45/63 MP: 9/9
  5365 | D:5      | Found an ancient bone altar of Kikubaaqudgha.
  5475 | D:6      | Found Muxkokh's Jewellery Shop.
  5475 | D:6      | Found Sisim's Antique Armour Boutique.
  5599 | D:6      | Found Nufy's Antique Weapon Shop.
  5606 | D:6      | Reached skill level 11 in Polearms
  5848 | D:6      | Found a glowing golden altar of the Shining One.
  5896 | D:6      | Noticed Edmund
  5924 | D:6      | Killed Edmund
  6254 | D:6      | Reached skill level 12 in Polearms
  6292 | D:6      | Found Laog's General Store.
  6300 | D:6      | Bought a scroll of identify for 28 gold pieces
  6300 | D:6      | Bought a scroll of teleportation for 42 gold pieces
  6300 | D:6      | Bought a scroll of identify for 28 gold pieces
  6924 | D:7      | Noticed an orc sorcerer
  7205 | D:7      | Found a shadowy altar of Dithmenos.
  7255 | D:7      | Found a burning altar of Makhleb.
  7256 | D:7      | Found a shimmering altar of Xom.
  7401 | D:7      | Killed an orc sorcerer
  7402 | D:7      | Reached skill level 13 in Polearms
  7402 | D:7      | Reached XP level 10. HP: 47/70 MP: 10/10
  8808 | D:8      | Reached skill level 14 in Polearms
  9107 | D:8      | Found a snail-covered altar of Cheibriados.
  9442 | D:9      | Found a staircase to the Orcish Mines.
  9686 | D:9      | Noticed a manticore
 10110 | D:9      | Reached skill level 5 in Armour
 10143 | D:9      | Reached skill level 5 in Fighting
 10302 | D:9      | Noticed Psyche
 10312 | D:9      | Killed Psyche
 10313 | D:9      | Reached skill level 1 in Invocations
 10313 | D:9      | Reached XP level 11. HP: 61/81 MP: 10/12
 10710 | D:9      | Killed a manticore
 10860 | D:9      | Found a staircase to the Lair.
 11079 | D:10     | Entered Level 10 of the Dungeon
 11079 | D:10     | Found Hikim Pee's Distillery.
 11304 | D:10     | Bought a potion of heal wounds for 60 gold pieces
 11317 | D:10     | Found Norot's Armour Shop.
 11338 | D:10     | Noticed a boulder beetle
 11391 | D:10     | Killed a boulder beetle
 11392 | D:10     | Reached skill level 5 in Invocations
 11548 | D:10     | Found Zamp's Antique Armour Shoppe.
 11557 | D:10     | Bought a glowing helmet for 172 gold pieces
 11791 | D:10     | Found a sacrificial altar of Ru.
 11799 | D:10     | Found a stormy altar of Qazlal.
 12254 | Lair:1   | Entered Level 1 of the Lair of Beasts
 12269 | Lair:1   | Reached skill level 1 in Throwing
 12269 | Lair:1   | Reached skill level 1 in Evocations
 12726 | Lair:1   | Reached XP level 12. HP: 91/91 MP: 15/15
 12787 | Lair:1   | Reached **** piety under Yredelemnul
 12814 | Lair:1   | Reached ***** piety under Yredelemnul
 12839 | Lair:1   | Reached ****** piety under Yredelemnul
 13114 | Lair:1   | Reached skill level 5 in Evocations
 13751 | Lair:2   | Reached skill level 10 in Fighting
 13754 | Lair:2   | Learned a level 2 spell: Blink
 13759 | Lair:2   | Learned a level 4 spell: Manifold Assault
 13767 | Lair:2   | Found a staircase to the Snake Pit.
 13858 | Lair:2   | Reached skill level 1 in Spellcasting
 13858 | Lair:2   | Reached skill level 1 in Translocations
 14015 | Lair:2   | Reached XP level 13. HP: 85/103 MP: 16/16
 14032 | Lair:2   | Found a staircase to the Swamp.
 15567 | Lair:3   | Reached skill level 5 in Shields
 16679 | Lair:4   | Found a viscous altar of Jiyva.
 16680 | Lair:4   | Found a staircase to the Slime Pits.
 16726 | Lair:4   | Found a frozen archway.
 16735 | IceCv    | Entered an ice cave
 16739 | IceCv    | Reached skill level 5 in Translocations
 16748 | IceCv    | Found a transporter.
 16754 | IceCv    | Found a transporter.
 17213 | IceCv    | Identified the +0 ring mail of Duck's Teeth {rC- Str+5
                  | SInv}
 17524 | Lair:4   | Reached skill level 5 in Spellcasting
 17526 | Lair:4   | Reached XP level 14. HP: 108/110 MP: 19/21
 17589 | Lair:4   | Reached skill level 10 in Armour
 18078 | Lair:5   | Entered Level 5 of the Lair of Beasts
 18755 | Lair:5   | Reached skill level 10 in Invocations
 18761 | Lair:5   | Reached skill level 1 in Dodging
 19392 | Lair:5   | Found the +8 storm bow {elec, penet}
 20275 | D:6      | Bought a ring of willpower for 250 gold pieces
 20277 | D:6      | Bought a pair of boots for 157 gold pieces
 20377 | D:1      | Bought a scroll of blinking for 75 gold pieces
 20420 | D:1      | Bought a potion of heal wounds for 50 gold pieces
 20420 | D:1      | Bought a scroll of blinking for 75 gold pieces
 20544 | Orc:1    | Entered Level 1 of the Orcish Mines
 20816 | Orc:1    | Reached XP level 15. HP: 59/117 MP: 12/22
 21115 | Orc:1    | Found Weutonn's Jewellery Shoppe.
 21296 | Orc:1    | Found Kysoptur's Firing Range.
 21407 | Orc:2    | Entered Level 2 of the Orcish Mines
 21551 | Orc:2    | Found Deugh's Antique Weapon Shoppe.
 21816 | Orc:2    | Noticed a stone giant
 21816 | Orc:2    | Found Nonneek's Antique Armour Shop.
 21827 | Orc:2    | Killed a stone giant
 22017 | Orc:2    | Found Nutsiup's Jewellery Shoppe.
 22154 | Orc:2    | Found a staircase to the Elven Halls.
 22501 | Orc:2    | Found Kyxom's General Store.
 22738 | Orc:1    | Bought the ring of Ymmiduo {rElec rPois rN+ Int+3 Stlth+}
                  | for 804 gold pieces
 22811 | D:10     | Saving game... please wait.
 23202 | D:11     | Identified the +3 ring mail "Qyunyste" {-Cast *Corrode rN++
                  | Str+3}
 23207 | D:11     | Learned a level 3 spell: Teleport Other
 24595 | D:13     | Reached skill level 5 in Dodging
 25039 | D:13     | Reached XP level 16. HP: 106/125 MP: 20/23
 25094 | D:13     | Noticed Urug
 25111 | D:13     | Killed Urug
 25404 | D:14     | Reached skill level 15 in Polearms
 25715 | D:14     | Found Gutroyl's Antique Weapon Shoppe.
 26065 | D:14     | Noticed Louise
 26073 | D:14     | Killed Louise
 26371 | D:14     | Found a gate to the Vaults.
 26593 | D:15     | Entered Level 15 of the Dungeon
 26969 | D:15     | Noticed Kirke
 26984 | D:15     | Killed Kirke
 27115 | D:15     | Found a staircase to the Depths.
 27164 | D:15     | Your ally Kirke died
 27599 | D:15     | Noticed Agnes
 27620 | D:15     | Killed Agnes
 28172 | D:14     | Bought a glowing halberd for 182 gold pieces
 28318 | Orc:2    | Bought a warped chain mail for 342 gold pieces
 28318 | Orc:2    | Identified the +0 chain mail of Ofao {Contam rF++ Regen+
                  | Int+2} (You bought it in a shop on level 2 of the Orcish
                  | Mines)
 28477 | D:1      | Bought a scroll of brand weapon for 95 gold pieces
 28721 | Snake:1  | Entered Level 1 of the Snake Pit
 28843 | Lair:2   | Learned a level 3 spell: Gell's Gravitas
 28890 | Snake:1  | Reached skill level 1 in Air Magic
 28907 | Snake:1  | Reached skill level 10 in Translocations
 29210 | Snake:1  | Reached XP level 17. HP: 112/133 MP: 24/24
 29473 | Snake:1  | Noticed Aizul
 29491 | Snake:1  | Killed Aizul
 29491 | Snake:1  | Enslaved Aizul
 29729 | Snake:1  | Your ally Aizul died
 29734 | Snake:1  | Slain by a naga mage

Illustrated notes

Levels and vault maps discovered:
D:1:      saegor_arrival_simple_b, layout_rooms, serial_shops, shop,
          nicolae_shop_statue_plus, shop, shop, nicolae_shop_peninsula
D:2:      layout_basic
D:3:      layout_loops_ring, nicolae_yredelemnul_ghost_church, elyvilon_altar_4,
          basic_ecumenical_altar, portal_sewer_entry_d
D:4:      layout_layer_cave, nicolae_uskayaw_murder_on_the_dancefloor,
          nicolae_ashenzari_panopticon, kennysheep_generic_room_2
D:5:      layout_cave_pools, nzn_overflow_gifts_of_might_and_magic,
          amcnicky_altar_gilded, old_standard_altar,
          minmay_temple_entry_from_below_a, hangedman_decor_push
D:6:      layout_loops_corners, nicolae_tso_besieged_by_evil, serial_shops,
          nicolae_square_shop, nicolae_wooded_promenade, uniq_edmund
D:7:      cheibrodos_wizards_tower, layout_loops_ring,
          grunt_temple_overflow_champion_of_chaos,
          grunt_dithmenos_smoke_and_mirrors
D:8:      layout_rooms, chei_slow_surprise, chequers_serial_rivers_room_a,
          hangedman_abyss_or_decor_clamps
D:9:      layout_stronghold, grunt_lair_entry_orc_guard_hut, uniq_psyche
D:10:     layout_roguey, grunt_temple_overflow_open, serial_shops, shop_statue,
          shop, shop
D:11:     layout_rooms
D:12:     layout_basic
D:13:     layout_gridville, serial_undead, serial_undead_a, serial_undead_d,
          serial_undead_a, serial_undead_a, uniq_urug
D:14:     layout_stronghold, david_vaults_5, serial_shops,
          nicolae_lakefront_shop, uniq_louise
D:15:     gammafunk_depths_entry_grave, layout_irregular_city,
          roderic_nine_men_s_morris, uniq_agnes, uniq_kirke
Lair:1:   layout_roguey [special_room_bee], grunt_megastairs_3,
          serial_bayou_shore_a
Lair:2:   layout_roguey, nicolae_swamp_entry_splash_gauntlet,
          nicolae_snake_entry_warm_welcome
Lair:3:   layout_chaotic_city, chequers_serial_rivers_marsh,
          nicolae_quartered_pool_impasse, nicolae_lair_liquid_snakes,
          serial_bayou_shore_b, grunt_megastairs_1
Lair:4:   layout_roguey, dpeg_slime_entry_enclosed,
          portal_ice_cave_entry_pillars_2
Lair:5:   grunt_lair_end_beastmaster, layout_cave_pods
Snake:1:  layout_misc_corridors, nicolae_snake_storage_room, grunt_megastairs_2,
          uniq_aizul
Orc:1:    layout_caves, serial_shops, shop, nicolae_shop_firing_range
Orc:2:    grunt_orc_gardens, layout_diamond_mine, grunt_orc_garden,
          grunt_orc_garden, grunt_orc_garden, grunt_orc_garden

Skill      XL: |  1  2  3  4  5  6  7  8  9 10 11 12 13 14 15 16 17 |
---------------+----------------------------------------------------+-----
Polearms       | 3 4 5 6 7 8 10 13 14 15 | 15.3
Fighting       | 5 7 10 11 12 | 12.0
Armour         | 5 8 9 10 11 12 | 12.5
Invocations    | 1 5 7 10 | 10.0
Throwing       | 2 4 |  4.0
Evocations     | 2 5 7 8 |  8.5
Spellcasting   | 2 5 |  5.0
Translocations | 2 5 7 8 10 | 10.6
Shields        | 5 6 7 |  7.3
Dodging        | 2 5 |  5.0
Air Magic      | 2 3 |  3.6

Action                     |  1- 3 |  4- 6 |  7- 9 | 10-12 | 13-15 | 16-18 || total
---------------------------+-------+-------+-------+-------+-------+-------++-------
  Melee: Trident           |    90 |   206 |   304 |   650 |  1171 |   505 ||  2926
  Throw: Dart              |       |       |     4 |     6 |     4 |       ||    14
         Boomerang         |       |       |       |       |       |     2 ||     2
   Cast: Manifold Assault  |       |       |       |       |       |     5 ||     5
 Invoke: Recall Undead Har |       |     2 |       |       |       |       ||     2
         Dark Bargain      |       |       |       |     1 |       |       ||     1
         Bind Soul         |       |       |       |     1 |     2 |     1 ||     4
  Evoke: Wand              |       |       |       |     3 |    12 |     9 ||    24
    Use: Potion            |       |     1 |     2 |     3 |     2 |     4 ||    12
         Scroll            |       |     2 |     8 |    10 |     7 |     7 ||    34
   Stab: Distracted        |       |       |     1 |     5 |     4 |     6 ||    16
         Petrified         |       |       |       |       |     5 |       ||     5
         Petrifying        |       |       |       |       |     1 |       ||     1
         Sleeping          |       |       |       |       |       |     1 ||     1
 Armour: Scale mail        |    21 |    52 |    26 |       |       |       ||    99
         Skin              |       |       |     2 |     9 |       |       ||    11
         Chain mail        |       |       |    56 |   178 |   297 |   163 ||   694
  Dodge: Dodged            |    26 |    64 |    57 |   190 |   562 |   191 ||  1090
  Block: Buckler           |    13 |    24 |    33 |    87 |   144 |    72 ||   373
